 Dungeon Crawl Stone Soup version 0.31-a0-559-g03b8d61ab2 (webtiles) character file.

Game seed: 16576684620520754454

528 Ethylacetat the Ducker (level 7, -6/49 HPs)
             Began as an Octopode Gladiator on Aug 17, 2023.
             Mangled by a bullfrog (7 damage)
             ... on level 5 of the Dungeon.
             The game lasted 00:02:18 (3000 turns).

Ethylacetat the Ducker (Octopode Gladiator)         Turns: 3000, Time: 00:02:18

Health: -6/49      AC:  1    Str: 14    XL:     7   Next: 23%
Magic:  7/7        EV: 15    Int: 10    God:
Gold:   228        SH:  0    Dex: 15    Spells: 6/6 levels left

rFire   . . .        l - +5 short sword of Gluttony {protect, +Blink rC+}
rCold   + . .        (no shield)
rNeg    . . .        a - +0 hat
rPois   .            (no amulet)
rElec   .            (no ring)
rCorr   .            (no ring)
SInv    .            (no ring)
Will    .....        (no ring)
Stlth   ++           (no ring)
HPRegen 0.28/turn    (no ring)
MPRegen 0.10/turn    (no ring)
                     (no ring)

%: no passive effects
@: mighty, hasted, very quick
A: almost no armour, amphibious, 8 rings, camouflage 1, gelatinous body 1,
(nimble swimmer 1), tentacles
a: Evoke Blink


You were on level 5 of the Dungeon.
You visited 1 branch of the dungeon, and saw 5 of its levels.

You collected 228 gold pieces.

Inventory:

Hand Weapons
 l - the +5 short sword of Gluttony (weapon) {protect, +Blink rC+}
   (You found it on level 2 of the Dungeon)

   rC+:       It protects you from cold.
   +Blink:    It lets you blink.
Missiles
 b - 3 throwing nets (quivered)
 c - 4 javelins
Armour
 a - a +0 hat (worn)
Wands
 g - a wand of iceblast (13)
 r - a wand of paralysis (14)
Scrolls
 d - 2 scrolls of identify {unknown}
 e - 4 scrolls of enchant armour {unknown}
 j - 2 scrolls of poison {unknown}
 k - 2 scrolls of teleportation {unknown}
 n - a scroll of noise {unknown}
 p - a scroll of acquirement {unknown}
 q - a scroll of blinking {unknown}
 t - a scroll of fear {unknown}
Potions
 f - a potion of curing
 h - a potion of might
 i - a potion of lignification {unknown}
 m - a potion of haste
 o - a potion of brilliance {unknown}
 s - a potion of cancellation {unknown}


   Skills:
 + Level 4.7 Fighting
 - Level 2.0 Throwing
 + Level 5.2 Dodging
 + Level 5.1 Unarmed Combat


You had 6 spell levels left.
You didn't know any spells.
Your spell library contained the following spells:

 Spells                   Type           Power      Damage    Failure   Level
 Hailstorm                Conj/Ice       0%         3d3       75%         3
 Summon Ice Beast         Ice/Summ       0%         N/A       98%         4
 Simulacrum               Ice/Necr       0%         N/A       100%        6


Dungeon Overview and Level Annotations

Branches:
Dungeon (5/15)
 Temple: D:4-7

Altars:
Ashenzari
Wu Jian

Shops:
D:1 [   D:2 ?


Innate Abilities, Weirdness & Mutations

You cannot wear most types of armour.
You are amphibious.
You can wear up to eight rings at the same time.
Your skin changes colour to match your surroundings (Stealth+).
Your rubbery body absorbs attacks. (AC +1, EV +1)
((You are camouflaged when in or above water. (Stealth+)))
You have tentacles for arms and can constrict up to eight enemies at once.


Message History

A bullfrog comes into view.
A gnoll comes into view. It is wielding a +0 halberd.
Found 6 gold pieces.
There are monsters nearby! 2 gnolls come into view.
A gnoll is wielding a +1 flail of protection.
There are monsters nearby!
Found 11 gold pieces.
The bullfrog croaks.
The ogre shouts!
You hear a shout! x3; The gnoll shouts!
There are monsters nearby!
You hit the ogre.
Your weapon exudes an aura of protection.
The ogre is lightly wounded.
The gnoll bouda barks out a call to the hunt!
The gnolls pick up the pace!
The ogre hits you with a +0 giant club!!
You closely miss the ogre.
The ogre is lightly wounded.
You hit the ogre. You squeeze the ogre.
The ogre is moderately wounded.
The ogre closely misses you.
You hit the ogre.
The ogre is heavily wounded.
The gnoll barely misses you.
The ogre hits you with a +0 giant club!!
Ouch! That really hurt!
* * * LOW HITPOINT WARNING * * *
The bullfrog closely misses you.
You miss the bullfrog. Your grab misses the bullfrog. The bullfrog hits you.
* * * LOW HITPOINT WARNING * * *
It was a potion of curing.
You feel better. The bullfrog closely misses you. The bullfrog hits you!
* * * LOW HITPOINT WARNING * * *
It was a potion of might.
You feel very mighty all of a sudden. The bullfrog hits you.
* * * LOW HITPOINT WARNING * * *
It was a potion of haste.
You feel yourself speed up. The bullfrog completely misses you.
The bullfrog hits you!
You die...

.##...##..##..#.......#
.###..##..##.#.########
.###..##..##.#.#
.#.#..##..##.#.#######
..#...##......#......#
.###.........###..###.#
#.#.#.######..#..##
#..##..#####.#.#.#
................@## #
##.....###.#..###F###$.#
####_#####.... #gOg.#
##.....###... #g#.##
...........#. #g....
....###### #.......
#..... #...##.#.# #...##
.$..# .# # ..... ....# #


You could see an ogre, a bullfrog, a gnoll bouda and 3 gnolls.

Vanquished Creatures
  A black bear (D:5)
  A sky beast (D:3)
  A scorpion (D:5)
  2 hounds
  A jelly (D:3)
  A sleepcap (D:5)
  An orc wizard (D:3)
  5 adders
  3 gnolls (D:2)
  An ufetubus (D:4)
  2 worms
  9 orcs
  4 ball pythons
  2 bats
  3 endoplasms
  3 giant cockroaches
  3 goblins
  3 hobgoblins
  4 jackals (D:3)
  A quokka (D:3)
  6 kobolds
  5 rats
62 creatures vanquished.

Notes
Turn   | Place    | Note
-------+----------+-------------------------------------------
     0 | D:1      | Ethylacetat the Octopode Gladiator began the quest for the
                  | Orb.
     0 | D:1      | Reached XP level 1. HP: 14/14 MP: 1/1
    20 | D:1      | Found Fiollomn's Antique Armour Shop.
   433 | D:1      | Reached XP level 2. HP: 19/19 MP: 2/2
  1074 | D:2      | Identified the +5 short sword of Gluttony {protect, +Blink
                  | rC+}
  1156 | D:2      | Reached XP level 3. HP: 16/25 MP: 3/3
  1227 | D:2      | Found Hodav's Magic Scroll Shop.
  1316 | D:3      | Reached XP level 4. HP: 30/30 MP: 4/4
  1734 | D:3      | Noticed a sky beast
  1747 | D:3      | Killed a sky beast
  1748 | D:3      | Reached XP level 5. HP: 21/37 MP: 5/5
  1868 | D:3      | Reached XP level 6. HP: 41/43 MP: 6/6
  1974 | D:3      | Found an ornate altar of the Wu Jian Council.
  2500 | D:5      | Entered Level 5 of the Dungeon
  2660 | D:5      | Found a broken altar of Ashenzari.
  2733 | D:5      | Noticed a black bear
  2742 | D:5      | Killed a black bear
  2743 | D:5      | Reached skill level 5 in Dodging
  2743 | D:5      | Reached skill level 5 in Unarmed Combat
  2743 | D:5      | Reached XP level 7. HP: 35/49 MP: 7/7
  2997 | D:5      | HP: 2/49 [bullfrog (2)]
  3000 | D:5      | Mangled by a bullfrog

Illustrated notes

Levels and vault maps discovered:
D:1:      heliophobic_arrival_henge, layout_basic, serial_shops, shop,
          grunt_decor_cap
D:2:      layout_basic, serial_shops, nicolae_shop_statue_plus
D:3:      layout_loops_ring, nicolae_wu_jian_immortal_techniques,
          chequers_serial_rivers_micro_e, minmay_statues_item,
          grunt_decor_mini_mirrors, item_on_display_a
D:4:      layout_cave_pools
D:5:      layout_loops_ring, cheibrodos_ashenzari_chains, lemuel_tele_altar,
          patterned_corridor

Skill      XL: |  1  2  3  4  5  6 |
---------------+-------------------+-----
Fighting       | 3 4 |  4.7
Unarmed Combat | 4 5 |  5.1
Dodging        | 4 5 |  5.2
Throwing       | |  2.0

Action                     |  1- 3 |  4- 6 |  7- 9 || total
---------------------------+-------+-------+-------++-------
  Melee: Unarmed           |    26 |       |       ||    26
         Constrict         |    15 |    21 |     1 ||    37
         Tentacles         |     6 |    22 |     2 ||    30
         Short sword       |    22 |    96 |     7 ||   125
         Punch             |       |     2 |       ||     2
    Use: Potion            |       |       |     3 ||     3
   Stab: Sleeping          |     2 |     8 |       ||    10
         Distracted        |     1 |       |       ||     1
 Armour: Skin              |     5 |    18 |       ||    23
  Dodge: Dodged            |    21 |    54 |     7 ||    82

Table legend: (Time is in decaauts)
 A = Elapsed time spent in this place.
 B = Non-inter-level travel time spent in this place.
 C = Inter-level travel time spent in this place.
 D = Time resting spent in this place.
 E = Time spent auto-exploring this place.
 F = Levels seen in this place.
 G = Mean time per level.
                   A        B        C        D        E       F      G
               +--------+--------+--------+--------+--------+-----+--------+
         Total |   2996 |   2889 |    107 |      0 |   2465 |   5 |  599.2 |
       Dungeon |   2996 |   2889 |    107 |      0 |   2465 |   5 |  599.2 |
               +--------+--------+--------+--------+--------+-----+--------+

Top non-repeatable levels by time:
     D:3: 735 daAuts
     D:1: 688 daAuts
     D:2: 611 daAuts
     D:5: 499 daAuts
     D:4: 460 daAuts
